TOP OF THE 1ST |
Charleston RiverDogs batting - Pitching for Bowling Green Hot Rods : RHP Greg Spaulding
|
Pitching: RHP Greg Spaulding
|
|
Batting: RHB Luwen Storm
|
0-0: Called Strike 0-1: Ball 1-1: Foul Ball, location: 2F 1-2: SOLO HOME RUN (Line Drive, 7D, EV 96.3 MPH), Distance : 366 ft
|
Batting: SHB Reagan Dudley
|
0-0: Ball 1-0: Ball 2-0: Ground out 1-3 (Groundball, 23, EV 69.4 MPH)
|
Batting: LHB Eddie Ramirez
|
0-0: Foul Ball, location: 2F 0-1: Called Strike 0-2: Strikes out swinging
|
Batting: RHB Tim Nordahl
|
0-0: Called Strike 0-1: Swinging Strike 0-2: Ball 1-2: Strikes out swinging, 2-3 out at first.
|
Top of the 1st over - 1 run, 1 hit, 0 errors, 0 left on base; Charleston 1 - Bowling Green 0 |
BOTTOM OF THE 1ST |
Bowling Green Hot Rods batting - Pitching for Charleston RiverDogs : RHP Jason Barlow
|
Pitching: RHP Jason Barlow
|
|
Batting: RHB Jonathan Fraire
|
0-0: Ball 1-0: Called Strike 1-1: Fly out, F8 (Flyball, 8LD, EV 86.3 MPH)
|
Batting: LHB Jake Rheaume
|
0-0: Called Strike 0-1: SINGLE (Line Drive, 78S, EV 90.0 MPH)
|
Batting: RHB Adam Kaeser
|
0-0: Ball 1-0: Ball 2-0: Called Strike 2-1: Called Strike 2-2: Foul Ball, location: 2F 2-2: Ball 3-2: Foul Ball, location: 2F 3-2: Base on Balls Jake Rheaume to second
|
Batting: LHB Mario Ocana
|
0-0: Ball 1-0: Ball 2-0: 3-RUN HOME RUN (Flyball, 9LD, EV 95.0 MPH), Distance : 351 ft
|
Batting: RHB David Ward
|
0-0: Called Strike 0-1: Ground out U3 (Groundball, 34, EV 83.1 MPH)
|
Batting: LHB Jimmy Detrie
|
0-0: Ball 1-0: Ground out 6-3 (Groundball, 6, EV 83.1 MPH)
|
Bottom of the 1st over - 3 runs, 2 hits, 0 errors, 0 left on base; Charleston 1 - Bowling Green 3 |
TOP OF THE 2ND |
Charleston RiverDogs batting - Pitching for Bowling Green Hot Rods : RHP Greg Spaulding
|
Batting: SHB Mike Goad
|
0-0: Swinging Strike 0-1: Swinging Strike 0-2: Ball 1-2: Strikes out swinging
|
Batting: RHB Miguel Leal
|
0-0: Called Strike 0-1: Called Strike 0-2: Ball 1-2: Ball 2-2: Strikes out swinging
|
Batting: RHB Chris Yancey
|
0-0: Called Strike 0-1: Ball 1-1: Foul Ball, location: 2F 1-2: Ball 2-2: Strikes out swinging
|
Top of the 2nd over - 0 runs, 0 hits, 0 errors, 0 left on base; Charleston 1 - Bowling Green 3 |
BOTTOM OF THE 2ND |
Bowling Green Hot Rods batting - Pitching for Charleston RiverDogs : RHP Jason Barlow
|
Batting: SHB Julio Hernandez
|
0-0: Called Strike 0-1: Ball 1-1: Foul Ball, location: 2F 1-2: Ball 2-2: Foul Ball, location: 2F 2-2: Foul Ball, location: 2F 2-2: Fly out, F8 (Flyball, 89D, EV 107.5 MPH)
|
Batting: RHB Kevin Benfield
|
0-0: Called Strike 0-1: Ball 1-1: Ball 2-1: Called Strike 2-2: Foul Ball, location: 2F 2-2: Ground out 5-3 (Groundball, 5, EV 82.5 MPH)
|
Batting: RHB Evan Chalarian
|
0-0: Called Strike 0-1: Foul Ball, location: 2F 0-2: Ball 1-2: Ground out 5-3 (Groundball, 5S, EV 88.1 MPH)
|
Bottom of the 2nd over - 0 runs, 0 hits, 0 errors, 0 left on base; Charleston 1 - Bowling Green 3 |
TOP OF THE 3RD |
Charleston RiverDogs batting - Pitching for Bowling Green Hot Rods : RHP Greg Spaulding
|
Batting: RHB Tony Saenz
|
0-0: Swinging Strike 0-1: Foul Ball, location: 2F 0-2: Strikes out swinging
|
Batting: RHB Nick Massengale
|
0-0: Ball 1-0: Ball 2-0: Called Strike 2-1: Foul Ball, location: 2F 2-2: Strikes out looking
|
Batting: RHB Luwen Storm
|
0-0: Ball 1-0: Ball 2-0: Called Strike 2-1: Fly out, F7 (Line Drive, 7, EV 103.8 MPH)
|
Top of the 3rd over - 0 runs, 0 hits, 0 errors, 0 left on base; Charleston 1 - Bowling Green 3 |
BOTTOM OF THE 3RD |
Bowling Green Hot Rods batting - Pitching for Charleston RiverDogs : RHP Jason Barlow
|
Batting: RHB Jonathan Fraire
|
0-0: SINGLE (Groundball, 15S, EV 65.0 MPH) (infield hit)
|
Batting: LHB Jake Rheaume
|
0-0: Ball 1-0: Called Strike 1-1: Called Strike 1-2: DOUBLE (Flyball, 78XD, EV 93.8 MPH) Jonathan Fraire to third
|
Batting: RHB Adam Kaeser
|
0-0: Foul Ball, location: 2F 0-1: Ball 1-1: Ball 2-1: Foul Ball, location: 2F 2-2: Ball 3-2: Base on Balls
|
Batting: LHB Mario Ocana
|
0-0: Ball 1-0: Fielders Choice at 2nd, 4-6 (Groundball, 4, EV 81.3 MPH) Jonathan Fraire scores Jake Rheaume to third
|
Batting: RHB David Ward
|
0-0: Fly out, F8 (Flyball, 8RD, EV 109.4 MPH) Runner from 3rd tags up, SCORES, throw by CF
|
Batting: LHB Jimmy Detrie
|
0-0: Fly out, F4 (Line Drive, 4, EV 77.5 MPH)
|
Bottom of the 3rd over - 2 runs, 2 hits, 0 errors, 1 left on base; Charleston 1 - Bowling Green 5 |
TOP OF THE 4TH |
Charleston RiverDogs batting - Pitching for Bowling Green Hot Rods : RHP Greg Spaulding
|
Batting: SHB Reagan Dudley
|
0-0: Ball 1-0: Swinging Strike 1-1: Ball 2-1: Ball 3-1: Foul Ball, location: 2F 3-2: SOLO HOME RUN (Flyball, 9LD, EV 92.5 MPH), Distance : 331 ft
|
Batting: LHB Eddie Ramirez
|
0-0: Ball 1-0: Foul Ball, location: 2F 1-1: Called Strike 1-2: Fly out, F9 (Flyball, 9S, EV 95.6 MPH)
|
Batting: RHB Tim Nordahl
|
0-0: Ball 1-0: Foul Ball, location: 2F 1-1: Ball 2-1: Called Strike 2-2: Strikes out looking
|
Batting: SHB Mike Goad
|
0-0: Called Strike 0-1: Ball 1-1: Ball 2-1: Ground out 4-3 (Groundball, 4, EV 75.6 MPH)
|
Top of the 4th over - 1 run, 1 hit, 0 errors, 0 left on base; Charleston 2 - Bowling Green 5 |
BOTTOM OF THE 4TH |
Bowling Green Hot Rods batting - Pitching for Charleston RiverDogs : RHP Jason Barlow
|
Batting: SHB Julio Hernandez
|
0-0: Called Strike 0-1: Ball 1-1: Called Strike 1-2: Ball 2-2: Foul Ball, location: 2F 2-2: Strikes out looking
|
Batting: RHB Kevin Benfield
|
0-0: Ground out 4-3 (Groundball, 4MS, EV 91.3 MPH)
|
Batting: RHB Evan Chalarian
|
0-0: Ball 1-0: Ball 2-0: Foul Ball, location: 2F 2-1: Fly out, F8 (Flyball, 8LD, EV 87.5 MPH)
|
Bottom of the 4th over - 0 runs, 0 hits, 0 errors, 0 left on base; Charleston 2 - Bowling Green 5 |
TOP OF THE 5TH |
Charleston RiverDogs batting - Pitching for Bowling Green Hot Rods : RHP Greg Spaulding
|
Batting: RHB Miguel Leal
|
0-0: Ball 1-0: Fly out, F9 (Flyball, 9LM, EV 86.3 MPH)
|
Batting: RHB Chris Yancey
|
0-0: Called Strike 0-1: Foul Ball, location: 2F 0-2: Ball 1-2: Ball 2-2: Strikes out swinging
|
Batting: RHB Tony Saenz
|
0-0: Ball 1-0: Swinging Strike 1-1: Ground out 6-3 (Groundball, 6, EV 106.3 MPH)
|
Top of the 5th over - 0 runs, 0 hits, 0 errors, 0 left on base; Charleston 2 - Bowling Green 5 |
BOTTOM OF THE 5TH |
Bowling Green Hot Rods batting - Pitching for Charleston RiverDogs : RHP Jason Barlow
|
Pitching: RHP Ruud Reintjens
|
|
Batting: RHB Jonathan Fraire
|
0-0: Ball 1-0: Fly out, F2 (Popup, 23F, EV 76.9 MPH)
|
Batting: LHB Jake Rheaume
|
0-0: Called Strike 0-1: Ball 1-1: Called Strike 1-2: Ball 2-2: SINGLE (Groundball, 6D, EV 98.8 MPH)
|
Batting: RHB Adam Kaeser
|
0-0: Ball Jake Rheaume steals 2nd base 1-0: Ball Jake Rheaume steals 3rd base 2-0: DOUBLE (Flyball, 78D, EV 94.4 MPH) Jake Rheaume scores
|
Batting: LHB Mario Ocana
|
0-0: Ball 1-0: Called Strike 1-1: Foul Ball, location: 2F 1-2: Strikes out swinging
|
Batting: RHB David Ward
|
0-0: Swinging Strike 0-1: Foul Ball, location: 2F 0-2: Ball 1-2: Ball 2-2: Ball 3-2: Foul Ball, location: 2F 3-2: SINGLE (Line Drive, 8RS, EV 90.0 MPH) Adam Kaeser to third
|
Batting: LHB Jimmy Detrie
|
0-0: Swinging Strike 0-1: Ball 1-1: Fly out, F7 (Flyball, 78S, EV 97.5 MPH)
|
Bottom of the 5th over - 1 run, 3 hits, 0 errors, 2 left on base; Charleston 2 - Bowling Green 6 |
TOP OF THE 6TH |
Charleston RiverDogs batting - Pitching for Bowling Green Hot Rods : RHP Greg Spaulding
|
Batting: RHB Nick Massengale
|
0-0: Swinging Strike 0-1: Called Strike 0-2: Strikes out looking
|
Batting: RHB Luwen Storm
|
0-0: Ground out 6-3 (Groundball, 6, EV 85.0 MPH)
|
Batting: SHB Reagan Dudley
|
0-0: Ball 1-0: Ball 2-0: Called Strike 2-1: Foul Ball, location: 2F 2-2: Strikes out looking
|
Top of the 6th over - 0 runs, 0 hits, 0 errors, 0 left on base; Charleston 2 - Bowling Green 6 |
BOTTOM OF THE 6TH |
Bowling Green Hot Rods batting - Pitching for Charleston RiverDogs : RHP Ruud Reintjens
|
Batting: SHB Julio Hernandez
|
0-0: SINGLE (Line Drive, 4M, EV 99.4 MPH)
|
Batting: RHB Kevin Benfield
|
0-0: Ball Julio Hernandez steals 2nd base 1-0: Ball 2-0: SINGLE (Groundball, 56D, EV 98.1 MPH) Julio Hernandez to third
|
Batting: RHB Evan Chalarian
|
0-0: SINGLE (Groundball, 25, EV 68.8 MPH) (infield hit) Julio Hernandez scores Kevin Benfield to second
|
Batting: RHB Jonathan Fraire
|
0-0: Called Strike 0-1: Ball 1-1: 3-RUN HOME RUN (Flyball, 7LD, EV 95.0 MPH), Distance : 350 ft
|
Pitching: RHP Steve Fleming
|
|
Batting: LHB Jake Rheaume
|
0-0: Ball 1-0: Swinging Strike 1-1: Ball 2-1: Foul Ball, location: 2F 2-2: Ball 3-2: Ground out 4-3 (Groundball, 4, EV 101.9 MPH)
|
Batting: RHB Adam Kaeser
|
0-0: Foul Ball, location: 2F 0-1: Called Strike 0-2: Foul Ball, location: 2F 0-2: Ball 1-2: Ground out 6-3 (Groundball, 6, EV 87.5 MPH)
|
Batting: LHB Mario Ocana
|
0-0: Ball 1-0: Foul Ball, location: 2F 1-1: Fly out, F7 (Line Drive, 7, EV 83.1 MPH)
|
Bottom of the 6th over - 4 runs, 4 hits, 0 errors, 0 left on base; Charleston 2 - Bowling Green 10 |
TOP OF THE 7TH |
Charleston RiverDogs batting - Pitching for Bowling Green Hot Rods : RHP Greg Spaulding
|
Batting: LHB Eddie Ramirez
|
0-0: Foul Ball, location: 2F 0-1: Ball 1-1: Ball 2-1: Foul Ball, location: 2F 2-2: Ball 3-2: Foul Ball, location: 2F 3-2: Base on Balls
|
Batting: RHB Tim Nordahl
|
0-0: Grounds into double play, 5-4-3 (Groundball, 56S, EV 86.9 MPH)
|
Batting: LHB Matt Steinke
|
0-0: Ball 1-0: Ball 2-0: Ball 3-0: Called Strike 3-1: Called Strike 3-2: Strikes out swinging
|
Top of the 7th over - 0 runs, 0 hits, 0 errors, 0 left on base; Charleston 2 - Bowling Green 10 |
BOTTOM OF THE 7TH |
Bowling Green Hot Rods batting - Pitching for Charleston RiverDogs : RHP Steve Fleming
|
Pinch Hitting: SHB Virgil Laverick
|
0-0: Ball 1-0: Ball 2-0: Foul Ball, location: 2F 2-1: Called Strike 2-2: Foul Ball, location: 2F 2-2: Strikes out swinging
|
Batting: LHB Jimmy Detrie
|
0-0: Foul Ball, location: 2F 0-1: Foul Ball, location: 2F 0-2: Ball 1-2: Strikes out swinging
|
Batting: SHB Julio Hernandez
|
0-0: SINGLE (Line Drive, 5L, EV 104.4 MPH)
|
Batting: RHB Kevin Benfield
|
0-0: Foul Ball, location: 2F 0-1: Ball 1-1: Ball 2-1: Ball 3-1: Called Strike 3-2: Strikes out swinging
|
Bottom of the 7th over - 0 runs, 1 hit, 0 errors, 1 left on base; Charleston 2 - Bowling Green 10 |
TOP OF THE 8TH |
Charleston RiverDogs batting - Pitching for Bowling Green Hot Rods : RHP Greg Spaulding
|
Now at 2B: Virgil Laverick
|
|
Batting: RHB Miguel Leal
|
0-0: SOLO HOME RUN (Flyball, 7D, EV 93.8 MPH), Distance : 363 ft
|
Batting: RHB Chris Yancey
|
0-0: Ball 1-0: Ball 2-0: Ball 3-0: Base on Balls
|
Pinch Hitting: RHB James Boynton
|
0-0: Fielders Choice at 2nd, 1-6 (Groundball, 34S, EV 68.1 MPH)
|
Batting: RHB Nick Massengale
|
0-0: Ball 1-0: Called Strike 1-1: Ball 2-1: Swinging Strike 2-2: Strikes out swinging
|
Pitching: LHP Chris Polite
|
|
Batting: RHB Luwen Storm
|
0-0: Foul Ball, location: 2F 0-1: SINGLE (Line Drive, 89M, EV 93.8 MPH) James Boynton to second
|
Batting: SHB Reagan Dudley
|
0-0: Foul Ball, location: 2F 0-1: Fly out, F9 (Flyball, 9, EV 85.6 MPH)
|
Top of the 8th over - 1 run, 2 hits, 0 errors, 2 left on base; Charleston 3 - Bowling Green 10 |
BOTTOM OF THE 8TH |
Bowling Green Hot Rods batting - Pitching for Charleston RiverDogs : RHP Steve Fleming
|
Now in LF: Brandon Lemay
|
|
Batting: RHB Evan Chalarian
|
0-0: Foul Ball, location: 2F 0-1: SINGLE (Line Drive, 7S, EV 87.5 MPH)
|
Batting: RHB Jonathan Fraire
|
0-0: Foul Ball, location: 2F 0-1: Ball 1-1: Called Strike 1-2: Ball 2-2: Foul Ball, location: 2F 2-2: Ball 3-2: Base on Balls Evan Chalarian to second
|
Batting: LHB Jake Rheaume
|
0-0: Ball 1-0: Ball 2-0: DOUBLE (Flyball, 78D, EV 97.5 MPH) Evan Chalarian scores Jonathan Fraire to third
|
Batting: RHB Adam Kaeser
|
0-0: Swinging Strike 0-1: DOUBLE (Groundball, 5L, EV 101.3 MPH) Jonathan Fraire scores Jake Rheaume scores
|
Batting: LHB Mario Ocana
|
0-0: TRIPLE (Line Drive, 89XD, EV 110.0 MPH) Adam Kaeser scores
|
Batting: SHB Virgil Laverick
|
0-0: Ball 1-0: Fly out, F8 (Flyball, 8LM, EV 83.8 MPH)
|
Batting: LHB Jimmy Detrie
|
0-0: Ball 1-0: Fly out, F8 (Flyball, 8RD, EV 102.5 MPH) Runner from 3rd tags up, SCORES, throw by CF
|
Batting: SHB Julio Hernandez
|
0-0: Called Strike 0-1: Called Strike 0-2: Ball 1-2: Ground out 4-3 (Groundball, 4, EV 108.1 MPH)
|
Bottom of the 8th over - 5 runs, 4 hits, 0 errors, 0 left on base; Charleston 3 - Bowling Green 15 |
TOP OF THE 9TH |
Charleston RiverDogs batting - Pitching for Bowling Green Hot Rods : LHP Chris Polite
|
Batting: LHB Eddie Ramirez
|
0-0: Called Strike 0-1: Ball 1-1: Ball 2-1: Foul Ball, location: 2F 2-2: Strikes out swinging
|
Batting: RHB Tim Nordahl
|
0-0: Ball 1-0: Called Strike 1-1: Ball 2-1: Foul Ball, location: 2F 2-2: Foul Ball, location: 2F 2-2: Fly out, F7 (Flyball, 8LS, EV 89.4 MPH)
|
Batting: LHB Matt Steinke
|
0-0: Called Strike 0-1: Ball 1-1: Foul Ball, location: 2F 1-2: Foul Ball, location: 2F 1-2: Ball 2-2: Ball 3-2: DOUBLE (Groundball, 5L, EV 108.1 MPH)
|
Batting: RHB Miguel Leal
|
0-0: SINGLE (Groundball, 5S, EV 65.0 MPH) (infield hit) Matt Steinke to third
|
Batting: RHB Chris Yancey
|
0-0: Called Strike 0-1: Fielders Choice at 2nd, 6-4 (Groundball, 6, EV 83.1 MPH)
|
Top of the 9th over - 0 runs, 2 hits, 0 errors, 2 left on base; Charleston 3 - Bowling Green 15 |
|